 Dungeon Crawl Stone Soup version 0.31-a0-986-g5e6e4ef867 (webtiles) character file.

Game seed: 9704239196339299814

9 sasquatch the Shield-Bearer (level 2, 24/24 HPs)
             Began as a Formicid Fighter on Nov 8, 2023.
             Quit the game on level 1 of the Dungeon.
             The game lasted 00:01:18 (142 turns).

sasquatch the Shield-Bearer (Formicid Fighter)       Turns: 142, Time: 00:01:19

Health: 24/24      AC:  6    Str: 20    XL:     2   Next: 20%
Magic:  2/2        EV:  9    Int:  7    God:
Gold:   12         SH:  5    Dex: 13    Spells: 1/1 levels left

rFire   . . .        a - +0 war axe
rCold   . . .        c - +0 buckler
rNeg    . . .        b - +0 scale mail
rPois   .            (helmet unavailable)
rElec   .            (no cloak)
rCorr   .            (no gloves)
SInv    +            (no boots)
Will    .....        (no amulet) Stlth
                     (no ring)
HPRegen 0.24/turn    (no ring)
MPRegen 0.08/turn

%: no passive effects
@: no status effects
A: permanent stasis, dig shafts and tunnels, antennae 3, four strong arms
a: Dig, Shaft Self


You were on level 1 of the Dungeon.
You visited 1 branch of the dungeon, and saw 1 of its levels.

You collected 12 gold pieces.

Inventory:

Hand Weapons
 a - a +0 war axe (weapon)
Armour
 b - a +0 scale mail (worn)
 c - a +0 buckler (worn)
Potions
 d - a potion of might


   Skills:
 + Level 3.4 Fighting
 + Level 2.2 Axes
 + Level 3.5 Armour
 + Level 4.2 Shields


You had one spell level left.
You didn't know any spells.
Your spell library was empty.

Dungeon Overview and Level Annotations

Branches:
Dungeon (1/15)

Altars:


Innate Abilities, Weirdness & Mutations

You cannot be hasted, slowed, berserked, paralysed or teleported.
You can dig through walls and to a lower floor.
You have a pair of large antennae on your head. (SInv)
Your four strong arms can wield two-handed weapons with a shield.


Message History

The quokka is almost dead.
You block the quokka's attack.
The quokka bites you but does no damage.
You slash the quokka!
You kill the quokka!
A bat comes into view.
Unknown command.
A bat is nearby!
A bat is nearby!
The bat closely misses you.
Unknown command.
The bat hits you but does no damage. The bat hits you.
You closely miss the bat. The bat hits you but does no damage.
The bat barely misses you. The bat closely misses you.
You slash the bat!
You kill the bat!
No target in view!
No target in view!
No target in view!
As you open the door, it creaks loudly!
You open the door.
There is an open door here.
You see here a +0 ring mail.
You now have 12 gold pieces.
A bat comes into view.
A bat is nearby!
You block the bat's attack.
You miss the bat. You block the bat's attack. You block the bat's attack.
The bat hits you but does no damage.
You hit the bat.
You kill the bat!
No target in view!
No target in view!
Found a club.
You open the door.
A dart slug comes into view.
Okay, then.
Are you sure you want to abandon this character and quit the game? (Confirm with "yes".)

.... #. #..##.
#..'.
##.#####.
####### #
.........
#.....# .#
..#######
#.....# ..#
#.....#.w.#
######
#....@'...+
#.....
####.....#...#
#.####
....)....# ###
#. ##......#
#.# #.
#.####.# #.#
#.# #. # #.#
#.# #.# #. #.#
#.# #.# #. #.#
#.# #.# #. #.#
#.# #.# #.


You could see a dart slug.

Vanquished Creatures
  An endoplasm (D:1)
  A hobgoblin (D:1)
  2 jackals (D:1)
  A quokka (D:1)
  2 bats (D:1)
  A frilled lizard (D:1)
8 creatures vanquished.

Notes
Turn   | Place    | Note
-------+----------+-------------------------------------------
     0 | D:1      | sasquatch the Formicid Fighter began the quest for the Orb.
     0 | D:1      | Reached XP level 1. HP: 18/18 MP: 1/1
    77 | D:1      | Reached XP level 2. HP: 24/24 MP: 2/2
   142 | D:1      | Quit the game

Illustrated notes

Levels and vault maps discovered:
D:1:      eino_arrival_cavern_b, layout_basic,
          hellmonk_ecumenical_altar_heavens_door

Action                     || total
---------------------------++-------
  Melee: War axe           ||    12
 Armour: Scale mail        ||    11
  Dodge: Dodged            ||     8
  Block: Buckler           ||     6

Table legend: (Time is in decaauts)
 A = Elapsed time spent in this place.
 B = Non-inter-level travel time spent in this place.
 C = Inter-level travel time spent in this place.
 D = Time resting spent in this place.
 E = Time spent auto-exploring this place.
 F = Levels seen in this place.
 G = Mean time per level.
                   A        B        C        D        E       F      G
               +--------+--------+--------+--------+--------+-----+--------+
         Total |    148 |    148 |      0 |      0 |     71 |   1 |  148.0 |
       Dungeon |    148 |    148 |      0 |      0 |     71 |   1 |  148.0 |
               +--------+--------+--------+--------+--------+-----+--------+

Top non-repeatable levels by time:
     D:1: 148 daAuts
